AoeStats
← joosephy

Pilgrims

508632839Analyzed
4v4 RM · 8d ago on Sep 23, 2026· 26m 33s· 8 players
Game mode
Random Map
Map size
Large (8 player)
Population
200
Speed
Normal
Resources
Standard
Victory
Conquest
Starting age
Dark Age
Ending age
Imperial Age
RankedLock teamsTeams togetherTeam positionsShared explorationLock speedFull tech treeHidden civsTurbo modeCheats
Victory
Defeat
🇨🇳 Danes · China
1773
+7
🇦🇷 Saxons · Argentina
1663
+10
🇨🇳 Persians · China
1648
+11
🇹🇼 Khmer · Taiwan
1581
+13
🇹🇼 Celts · Taiwan
1552
-11
🇭🇰 Huns · Hong Kong SAR China
1551
-11
🇭🇰 Persians · Hong Kong SAR China
1520
-10
🇻🇳 Italians · Vietnam
1513
-9
默默默默默
4:54 Loom
12:31 Feudal Age
13:30 Town Watch
16:35 Castle Age
14:46 Double-Bit Axe
14:44 Fishing Lines
16:27 Gold Mining
17:58 Bow Saw
17:21 Man-at-Arms
18:20 Scale Mail Armor
20:08 Chain Mail Armor
24:52 Squires
26:29 Arson
joosephy
4:49 Loom
14:50 Feudal Age
15:35 Town Watch
19:45 Castle Age
18:39 Double-Bit Axe
20:03 Fishing Lines
24:00 Wheelbarrow
洛莉
6:07 Loom
9:25 Feudal Age
15:00 Castle Age
13:49 Double-Bit Axe
15:40 Medium Warships
20:11 Bow Saw
ARKINE
10:53 Feudal Age
11:18 Loom
15:26 Castle Age
14:42 Double-Bit Axe
15:49 Fletching
15:54 Stone Mining
16:32 Bow Saw
20:05 Scale Mail Armor
20:15 Forging
21:44 Fishing Lines
24:55 Gillnets
27:00 Wheelbarrow
26:08 Horse Collar
DALAT_M<O>NGKHAN
9:27 Feudal Age
10:18 Loom
15:55 Castle Age
14:39 Stone Mining
14:35 Double-Bit Axe
17:15 Gold Mining
18:13 Wheelbarrow
19:41 Bow Saw
24:47 Fletching
mbxmm
9:55 Feudal Age
13:53 Castle Age
13:06 Double-Bit Axe
14:03 Stone Mining
15:48 Loom
YMK414
5:55 Loom
15:08 Feudal Age
17:38 Double-Bit Axe
18:16 Stone Mining
18:17 Gold Mining
21:09 Castle Age
JINJIN
5:23 Loom
11:54 Feudal Age
16:39 Castle Age
14:54 Gold Mining
14:49 Double-Bit Axe
15:26 Horse Collar
18:07 Bow Saw
17:48 Stone Mining
22:18 Wheelbarrow
Connection lost

Rejoining the realm…

Still unreachable

The connection could not be restored.

Session expired

The server has moved on; the page needs a fresh start.